AoeStats
← ageiplayer500abernurspanier

Arena

504240444Analyzed
3v3 RM · 27d ago on Sep 4, 2026· 36m 0s· 6 players
Game mode
Random Map
Map size
Normal (6 player)
Population
200
Speed
Normal
Resources
Standard
Victory
Conquest
Starting age
Dark Age
Ending age
Imperial Age
RankedLock teamsTeams togetherTeam positionsShared explorationLock speedFull tech treeHidden civsTurbo modeCheats
Victory
Defeat
🇩🇪 Spanish · Germany
1379
+9
🇩🇪 Turks · Germany
1314
+12
🇩🇪 Khmer · Germany
1111
+21
🇲🇽 Wei · Mexico
1244
-15
1231
-14
🇺🇸 Turks · United States
1204
-13
dLevantine
1:23 Loom
9:48 Feudal Age
10:18 Double-Bit Axe
10:42 Gold Mining
11:23 Stone Mining
11:18 Horse Collar
13:03 Wheelbarrow
18:04 Castle Age
17:56 Bloodlines
18:44 Heavy Plow
21:47 Bow Saw
23:06 Gold Shaft Mining
23:19 Husbandry
25:47 Scale Barding Armor
26:18 Forging
29:45 Hand Cart
ageiplayer500abernurspanier
10:48 Feudal Age
11:55 Loom
15:01 Castle Age
14:03 Double-Bit Axe
23:53 Horse Collar
26:24 Heavy Plow
32:34 Imperial Age
31:02 Scale Barding Armor
30:22 Light Cavalry
31:13 Bloodlines
31:40 Forging
32:05 Fletching
33:02 Bodkin Arrow
33:50 Hussar
34:46 Bow Saw
35:16 Chain Barding Armor
37:09 Iron Casting
Kinseidon
10:43 Feudal Age
12:23 Loom
14:58 Castle Age
20:56 Imperial Age
peace_force1
10:28 Feudal Age
11:50 Loom
14:51 Castle Age
13:41 Double-Bit Axe
13:38 Horse Collar
22:24 Heavy Plow
22:56 Bow Saw
24:38 Wheelbarrow
26:30 Hand Cart
29:43 Imperial Age
27:35 Scale Barding Armor
27:37 Husbandry
27:47 Gold Mining
28:37 Bloodlines
28:41 Forging
28:47 Town Watch
29:23 Chain Barding Armor
30:59 Elite Battle Elephant
33:04 Iron Casting
34:04 Plate Barding Armor
37:27 Blast Furnace
Dino
11:48 Feudal Age
15:58 Castle Age
14:40 Double-Bit Axe
14:41 Horse Collar
17:33 Loom
19:38 Gold Mining
27:19 Imperial Age
27:30 Wheelbarrow
KickersEmden_AoE
11:00 Feudal Age
15:10 Castle Age
12:58 Double-Bit Axe
13:05 Horse Collar
14:58 Loom
25:16 Bow Saw
34:56 Imperial Age
33:17 Forging
33:45 Scale Barding Armor
33:58 Bloodlines
34:48 Iron Casting
35:31 Chain Barding Armor
Connection lost

Rejoining the realm…

Still unreachable

The connection could not be restored.

Session expired

The server has moved on; the page needs a fresh start.